 Dungeon Crawl Stone Soup version 0.19.5 (webtiles) character file.

94 tricornhat the Skirmisher (level 4, -3/35 HPs)
             Began as a Demonspawn Fighter on Mar 20, 2017.
             Killed by nerve-wracking pain
             ... invoked by an orc priest
              (12 damage)
             ... on level 3 of the Dungeon.
             The game lasted 00:08:39 (2070 turns).

tricornhat the Skirmisher (Demonspawn Fighter)      Turns: 2070, Time: 00:08:40

Health: -3/35      AC:  6    Str: 16    XL:     4   Next: 38%
Magic:  4/4        EV:  7    Int:  9    God:
Gold:   201        SH: 11    Dex: 14    Spells: 0 memorised, 3 levels left

rFire  . . .     SeeInvis .     a - +0 long sword
rCold  . . .     Gourm    .     b - +0 scale mail
rNeg   . . .     Faith    .     o - +2 shield
rPois  .         Spirit   .     (no helmet)
rElec  .         Reflect  .     (no cloak)
rCorr  .         Harm     .     (no gloves)
MR     .....                    (no boots)
Stlth  ..........               (no amulet)
                                (no ring)
                                (no ring)

@: no status effects
A: talons 2
a: no special abilities


You were on level 3 of the Dungeon.
You were not hungry.

You visited 1 branch of the dungeon, and saw 3 of its levels.

You collected 201 gold pieces.

Inventory:

Hand Weapons
 a - a +0 long sword (weapon)
Armour
 b - a +0 scale mail (worn)
 c - a +0 shield
 o - a +2 shield (worn)
Jewellery
 i - a cursed amulet of inaccuracy {unknown}
 q - an uncursed ring of ice {unknown}
Scrolls
 h - a scroll of fog {unknown}
 j - a scroll of identify {unknown}
 k - a scroll of amnesia {unknown}
 l - 2 scrolls of remove curse {unknown}
 m - a scroll of blinking {unknown}
 n - a scroll of random uselessness {unknown}
 r - a scroll of enchant weapon {unknown}
Potions
 d - a potion of might
 e - 2 potions of flight {unknown}
 g - a potion of lignification {unknown}
 s - a potion of beneficial mutation {unknown}
Comestibles
 f - 2 bread rations


   Skills:
 + Level 3.3 Fighting
 * Level 3.0 Long Blades
 + Level 3.1 Armour
 - Level 0.1 Dodging
 + Level 3.3 Shields


You had 3 spell levels left.
You didn't know any spells.

Dungeon Overview and Level Annotations

Branches:
Dungeon (3/15)

Altars:


Innate Abilities, Weirdness & Mutations

You have razor-sharp toenails.


Message History

The orc priest is heavily wounded.
You block the orc priest's attack.
You closely miss the orc priest.
The orc priest is heavily wounded.
You block the orc priest's attack. The orc priest hits you with a trident.
* * * LOW HITPOINT WARNING * * *
You closely miss the orc priest.
The orc priest is heavily wounded.
You block the orc priest's attack.
You hit the orc priest. Your kick misses the orc priest.
The orc priest is almost dead.
You block the orc priest's attack.
You hit the orc priest.
The orc priest is almost dead.
You block the orc priest's attack.
You hit the orc priest but do no damage.
The orc priest is almost dead.
The orc priest calls down the wrath of Beogh upon you.
Pain shoots through your body!
You die...

######.#
#......#
###.#### #.#
####+## #.#
....... #.#
....... #.#
....... #.#
######g......
#.#
#...@oo......
#.#
#.####o......
#.# #.#
....... #.#
#.# .......
#.# #.#
####### #.#
#.# #.# #.#
#.# #.# #.#
#.#


You could see an orc priest, 2 orcs and a goblin.

Vanquished Creatures
  4 adders (D:2)
  An ooze (D:1)
  2 leopard geckos
  An orc (D:3)
  6 bats
  4 giant cockroaches
  7 goblins
  6 hobgoblins
  6 frilled lizards
  5 kobolds
  8 rats
50 creatures vanquished.

Notes
Turn   | Place    | Note
-------+----------+-------------------------------------------
     0 | D:1      | tricornhat the Demonspawn Fighter began the quest for the Orb.
     0 | D:1      | Reached XP level 1. HP: 18/18 MP: 1/1
    48 | D:1      | Gained mutation: You have sharp toenails. [demonic ancestry]
    48 | D:1      | Reached XP level 2. HP: 22/24 MP: 2/2
   373 | D:1      | Reached XP level 3. HP: 29/29 MP: 3/3
  1350 | D:2      | Gained mutation: You have razor-sharp toenails. [demonic ancestry]
  1350 | D:2      | Reached XP level 4. HP: 16/35 MP: 4/4
  2070 | D:3      | Killed from afar by an orc priest

Skill      XL: |  1  2  3  4 |
---------------+-------------+-----
Shields        | 3 |  3.3
Long Blades    | 2 3 |  3.0
Armour         | 3 |  3.1
Fighting       | |  3.3
Dodging        | |  0.1

Action                   |  1- 3 |  4- 6 || total
-------------------------+-------+-------++-------
Melee: Long sword        |   149 |    40 ||   189
       Kick              |    31 |     6 ||    37
  Use: Potion            |     2 |       ||     2
  Eat: Chunk             |     2 |     2 ||     4
Armor: Scale mail        |    64 |    19 ||    83
Dodge: Dodged            |    33 |     5 ||    38
Block: Shield            |    96 |    29 ||   125
       Rpst.: Long sword |    13 |     1 ||    14
